 Dungeon Crawl Stone Soup version 0.21-a0-476-gd103f4b (webtiles) character file.

78 noon the Chiller (level 4, 0/33 HPs)
             Began as a Merfolk Ice Elementalist on Nov 22, 2017.
             Slain by theanonym's ghost (2 damage)
             ... on level 3 of the Dungeon.
             The game lasted 00:22:32 (2341 turns).

noon the Chiller (Merfolk Ice Elementalist)         Turns: 2341, Time: 00:22:32

Health: 0/33       AC:  2    Str:  8    XL:     4   Next: 36%
Magic:  0/7        EV: 13    Int: 15    God:
Gold:   73         SH:  0    Dex: 14    Spells: 1/7 levels left

rFire    + . .     SeeInvis .   m - +0 spear
rCold    . . .     Gourm    .   (no shield)
rNeg     . . .     Faith    .   a - +0 robe
rPois    .         Spirit   .   (no helmet)
rElec    .         Reflect  .   (no cloak)
rCorr    .         Harm     .   (no gloves)
MR       .....                  (no boots)
Stlth    ++........             (no amulet)
HPRegen  0.11/turn              d - ring of protection from fire
MPRegen  0.10/turn              (no ring)

@: very slightly contaminated
A: change form in water, swift swim, stealthy swim
a: no special abilities


You were on level 3 of the Dungeon.
You were not hungry.

You visited 1 branch of the dungeon, and saw 3 of its levels.

You collected 73 gold pieces.

Inventory:

Hand Weapons
 m - a +0 spear (weapon)
Armour
 a - a +0 robe (worn)
Jewellery
 d - a ring of protection from fire (left hand)
Scrolls
 e - a scroll of fog {unknown}
 g - 2 scrolls of teleportation {unknown}
 h - a scroll of enchant armour {unknown}
 j - 2 scrolls of random uselessness {unknown}
 k - a scroll of identify
Potions
 i - a potion of flight {unknown}
Books
 b - a book of Frost

   Spells                             Type                      Level
   a - Freeze                         Ice                          1
   b - Throw Frost                    Conjuration/Ice              2
   c - Ozocubu's Armour               Charms/Ice                   3
   d - Throw Icicle                   Conjuration/Ice              4
   e - Summon Ice Beast               Ice/Summoning                4
Comestibles
 c - 2 bread rations
 f - a royal jelly
 l - 2 chunks of flesh


   Skills:
 + Level 1.7 Fighting
 * Level 1.2 Polearms
 + Level 3.5 Dodging
 - Level 2.1 Stealth
 - Level 2.0 Spellcasting
 - Level 0.7 Conjurations
 - Level 1.0 Charms
 * Level 4.3 Ice Magic


You had one spell level left.
You knew the following spells:

 Your Spells              Type           Power        Failure   Level  Hunger
a - Freeze                Ice            ##..         3%          1    #......
b - Ozocubu's Armour      Chrm/Ice       #.......     22%         3    ###....
c - Throw Frost           Conj/Ice       #.....       12%         2    ###....


Dungeon Overview and Level Annotations

Branches:
Dungeon (3/15)

Altars:

Annotations:
D:3 theanonym's ghost, amateur HOGl


Message History

Theanonym's ghost is heavily damaged.
Theanonym's ghost hits you!
You closely miss theanonym's ghost.
Theanonym's ghost is heavily damaged.
Theanonym's ghost closely misses you.
You hit theanonym's ghost but do no damage.
Theanonym's ghost is heavily damaged.
Theanonym's ghost hits you!
* * * LOW HITPOINT WARNING * * *
Unknown command.
Theanonym's ghost barely misses you.
Casting: Freeze
Confirm with . or Enter, or press ? or * to list all spells.
Aiming: Freeze
Press: ? - help, Shift-Dir - straight line, f/p - theanonym's ghost
Aim: theanonym's ghost (heavily damaged)
You freeze theanonym's ghost.
Theanonym's ghost is severely damaged.
Theanonym's ghost hits you.
You die...

. ########.#
.##........#
..#........#
#.#........#
#.#........#
#.#........#
#.#........#
##....W.....#
#<#..@.#+##.####
##.#..###.......#
#.....######.##.####
#...#..# #.##....#
#...##.# #.#####.#
#...##.## #.# #.#
#...##..# #.# #.#
#...###.## #.# ###.#
#...# #..# #.# #>.[#


You could see theanonym's ghost.

Vanquished Creatures
  3 adders
  A worm (D:2)
  2 dart slugs (D:1)
  2 leopard geckos
  2 giant cockroaches (D:3)
  8 goblins
  3 hobgoblins
  4 kobolds
  8 bats
  7 frilled lizards
  4 rats
44 creatures vanquished.

Notes
Turn   | Place    | Note
-------+----------+-------------------------------------------
     0 | D:1      | noon the Merfolk Ice Elementalist began the quest for the Orb.
     0 | D:1      | Reached XP level 1. HP: 13/13 MP: 3/3
   357 | D:1      | Reached XP level 2. HP: 20/20 MP: 1/5
   648 | D:1      | Reached skill level 1 in Fighting
   765 | D:1      | Reached skill level 4 in Ice Magic
   765 | D:1      | Reached XP level 3. HP: 25/26 MP: 0/6
  1080 | D:2      | Learned a level 3 spell: Ozocubu's Armour
  1762 | D:2      | Reached skill level 1 in Polearms
  1762 | D:2      | Reached XP level 4. HP: 31/32 MP: 0/7
  1766 | D:2      | Learned a level 2 spell: Throw Frost
  2302 | D:3      | Reached skill level 1 in Charms
  2322 | D:3      | Noticed theanonym's ghost (amateur HOGl)
  2341 | D:3      | Slain by theanonym's ghost

Vault maps used:
D:1:      nzn_arrival_depleted_hourglass
D:3:      cheibrodos_old_hovel, uniq_sigmund, uniq_ijyb

Skill      XL: |  1  2  3  4 |
---------------+-------------+-----
Dodging        | 3 |  3.5
Fighting       | 1 |  1.7
Ice Magic      | 4 |  4.3
Polearms       | 1 |  1.2
Charms         | 1 |  1.0
Stealth        | |  2.1
Spellcasting   | |  2.0
Conjurations   | |  0.7

Action                   |  1- 3 |  4- 6 || total
-------------------------+-------+-------++-------
Melee: Unarmed           |    10 |       ||    10
       Dagger            |     6 |       ||     6
       Spear             |    18 |    11 ||    29
 Cast: Freeze            |    60 |    15 ||    75
       Ozocubu's Armour  |     2 |     1 ||     3
  Use: Scroll            |     2 |       ||     2
 Stab: Sleeping          |     4 |     2 ||     6
  Eat: Chunk             |     4 |     2 ||     6
Armor: Robe              |    13 |     5 ||    18
Dodge: Dodged            |    37 |    13 ||    50

Table legend:
 A = Spawn XP
 B = Non-spawn XP
 C = Spawn XP percentage of total XP
 D = Spawn monster count
 E = Non-spawn monster count
 F = Spawn count percentage of total count
 G = Total turns spent on level
                    A         B        C        D         E        F      G
               +---------+---------+-------+---------+---------+-------+---------
         Total |       0 |     112 |   0.0 |       0 |      44 |   0.0 |  2341
               +---------+---------+-------+---------+---------+-------+---------
           D:1 |       0 |      36 |   0.0 |       0 |      21 |   0.0 |  1035
           D:2 |       0 |      55 |   0.0 |       0 |      18 |   0.0 |  1108
           D:3 |       0 |      21 |   0.0 |       0 |       5 |   0.0 |   198
               +---------+---------+-------+---------+---------+-------+---------
